 Dungeon Crawl Stone Soup version 0.31.0-11-ge490571c62 (webtiles) character file.

Game seed: 370437700712129158

1560 Skimidon the Cutter (level 8, -3/46 HPs)
             Began as a Vine Stalker Chaos Knight on Feb 2, 2024.
             Was a Plaything of Xom.
             Slain by Crazy Yiuf the salamander
             ... wielding a +4 quarterstaff of chaos
              (8 damage)
             ... on level 5 of the Dungeon.
             The game lasted 00:06:58 (3642 turns).

Skimidon the Cutter (Vine Stalker Chaos Knight)     Turns: 3642, Time: 00:06:59

Health: -3/46      AC: 11    Str: 21    XL:     8   Next: 89%
Magic:  0/9        EV: 11    Int: 12    God:    Xom [*.....]
Gold:   247        SH:  0    Dex: 16    Spells: 7/7 levels left

rFire   . . .        l - +2 dagger (speed)
rCold   . . .        (no shield)
rNeg    . . .        b - +2 leather armour
rPois   +            o - +0 helmet
rElec   .            r - +0 cloak
rCorr   .            m - +0 pair of gloves
SInv    .            n - +2 pair of boots
Will    +....        j - amulet of regeneration
Stlth   ++           v - +6 ring of strength
HPRegen 1.87/turn    (no ring)
MPRegen 0.11/turn

%: guardian spirit
@: no status effects
A: fangs 3, regeneration 1, magic shield, antimagic bite, no potion heal 2,
poison resistance, evolution 1
a: Renounce Religion


You were on level 5 of the Dungeon.
You worshipped Xom.
You were a special plaything of Xom.
You visited 1 branch of the dungeon, and saw 5 of its levels.

You collected 247 gold pieces.

Inventory:

Hand Weapons
 a - a +0 short sword of chaos
 l - a +2 dagger of speed (weapon)
Armour
 b - a +2 leather armour (worn)
 m - a +0 pair of gloves (worn)
 n - a +2 pair of boots (worn)
 o - a +0 helmet (worn)
 r - a +0 cloak (worn)
Jewellery
 j - an amulet of regeneration (around neck)
 s - a ring of ice
 v - a +6 ring of strength (left hand)
Wands
 x - a wand of digging (6)
 z - a wand of flame (9)
Scrolls
 c - a scroll of butterflies
 f - 2 scrolls of enchant armour {unknown}
 h - a scroll of revelation {unknown}
 i - 5 scrolls of identify {unknown}
 k - a scroll of poison
 p - 3 scrolls of teleportation {unknown}
 t - a scroll of enchant weapon {unknown}
 u - a scroll of fog {unknown}
 y - a scroll of vulnerability {unknown}
Potions
 d - a potion of brilliance {unknown}
 e - 2 potions of enlightenment {unknown}
 g - 2 potions of curing {unknown}
 q - 2 potions of ambrosia {unknown}


   Skills:
 * Level 7.4 Fighting
 * Level 7.4 Short Blades
 - Level 1.5 Armour
 - Level 0.7 Dodging
 - Level 2.2 Stealth


You had 7 spell levels left.
You didn't know any spells.
Your spell library contained the following spells:

 Spells                   Type           Power      Damage    Failure   Level
 Magic Dart               Conj           0%         1d3       36%         1
 Searing Ray              Conj           0%         2d4       50%         2
 Fugue of the Fallen      Necr           0%         N/A       75%         3
 Ozocubu's Armour         Ice            0%         N/A       75%         3
 Fulminant Prism          Conj/Alch      0%         3d5       98%         4
 Manifold Assault         Tloc           0%         N/A       98%         4


Dungeon Overview and Level Annotations

Branches:
Dungeon (5/15)
 Temple: D:4-7

Altars:
Kikubaaqudgha
Vehumet
Xom
Yredelemnul

Annotations:
D:4 2 transporters, Ashen's ghost, amateur DrSh
D:5 Crazy Yiuf


Innate Abilities, Weirdness & Mutations

You have razor-sharp teeth.
Your natural rate of healing is unusually fast.
When hurt, damage is shared between your health and your magic reserves.
Your bite disrupts and absorbs the magic of your enemies.
Potions cannot restore your health.
Your system is resistant to poisons. (rPois)
You have hidden genetic potential.


Message History

You bite Crazy Yiuf, but do no damage.
Crazy Yiuf is heavily wounded. "The weather's been a little too boring around here."
You are now a special plaything of Xom.
Crazy Yiuf is engulfed in poison gas.
Crazy Yiuf looks even sicker.
Flame seeps out of Crazy Yiuf.
Crazy Yiuf hits you with a +4 quarterstaff of chaos.
You are engulfed in flames!
Crazy Yiuf freezes you.
You hit Crazy Yiuf.
Flame seeps out of Crazy Yiuf.
Crazy Yiuf is severely wounded.
You hit Crazy Yiuf.
Flame seeps out of Crazy Yiuf.
Your bite misses Crazy Yiuf.
Crazy Yiuf is severely wounded.
Crazy Yiuf looks even sicker.
Crazy Yiuf hits you with a +4 quarterstaff of chaos!
* * * LOW HITPOINT WARNING * * *
You are engulfed in flames!
* * * LOW HITPOINT WARNING * * *
Crazy Yiuf freezes you.
* * * LOW HITPOINT WARNING * * *
You hit Crazy Yiuf.
Flame seeps out of Crazy Yiuf.
Your bite misses Crazy Yiuf.
Crazy Yiuf is severely wounded.
Press: ? - help, v - describe, . - travel
Here: Crazy Yiuf the salamander, wielding a +4 quarterstaff of chaos (poison gas, severely wounded, inner flame, very poisoned)
The floor, spattered with blood.
You barely miss Crazy Yiuf. Your bite misses Crazy Yiuf.
Crazy Yiuf is severely wounded.
Crazy Yiuf is engulfed in poison gas.
Crazy Yiuf looks as sick as possible!
Flame seeps out of Crazy Yiuf.
Crazy Yiuf closely misses you.
You hit Crazy Yiuf but do no damage.
Crazy Yiuf is severely wounded.
You hit Crazy Yiuf but do no damage.
Crazy Yiuf is severely wounded.
Flame seeps out of Crazy Yiuf.
You hit Crazy Yiuf.
Flame seeps out of Crazy Yiuf. x2; You bite Crazy Yiuf.
You drain its power.
You feel invigorated.
Crazy Yiuf is almost dead.
Crazy Yiuf is engulfed in poison gas.
Crazy Yiuf looks as sick as possible!
Flame seeps out of Crazy Yiuf.
Crazy Yiuf hits you with a +4 quarterstaff of chaos!
You die...

#.##..# #.........#
##.##.## #§....>...#
###....)# #☼.########
.....#### ##☼########
...### #§#§☼§§§§#
######## #.§§§§§☼☼#
...)...########§.§☼§§#
######...§§§☼§§§N§§☼§#
##########§@§§§§# #
##...##§§§§§☼# #
##.....#§§§§§§# #
#......§§§☼☼☼§# #
#.....§§####### #
#....§§§# ##
##...§§§## .#
#...§§§☼## .###
#....###.#


You could see Crazy Yiuf the salamander (inner flame, extremely poisoned).

Vanquished Creatures
  A water moccasin (D:5)
  2 ogres (D:5)
  A black bear (D:5)
  A phantom (D:5)
  2 bombardier beetles
  4 hounds
  An orc priest (D:4)
  Terence (D:2)
  A sleepcap (D:4)
  An orc wizard (D:4)
  Robin (D:1)
  20 gnolls
  12 adders
  3 dart slugs
  4 orcs
  7 bats
  6 endoplasms
  2 giant cockroaches
  10 goblins
  10 hobgoblins
  4 jackals (D:1)
  6 kobolds
  5 quokkas
  2 ball pythons (D:2)
  4 frilled lizards
  7 rats
118 creatures vanquished.

Vanquished Creatures (collateral kills)
  Pikel (D:4)
  3 lemures (D:4)
4 creatures vanquished.

Grand Total: 122 creatures vanquished

Notes
Turn   | Place    | Note
-------+----------+-------------------------------------------
     0 | D:1      | Skimidon the Vine Stalker Chaos Knight began the quest for
                  | the Orb.
     0 | D:1      | Reached XP level 1. HP: 11/11 MP: 2/2
    38 | D:1      | XOM: silly message
    90 | D:1      | XOM: potion effect (attraction)
   141 | D:1      | Reached XP level 2. HP: 11/16 MP: 1/3
   301 | D:1      | XOM: smoke on damage
   303 | D:1      | Reached skill level 1 in Stealth
   310 | D:1      | XOM: potion effect (brilliance)
   419 | D:1      | Reached XP level 3. HP: 20/20 MP: 4/4
   736 | D:2      | Noticed Robin
   739 | D:2      | XOM: enchant monster (good)
   767 | D:1      | Killed Robin
   791 | D:2      | XOM: 1-stop teleportation journey
   805 | D:2      | Reached XP level 4. HP: 24/24 MP: 5/5
   875 | D:2      | Noticed Terence
   900 | D:2      | Killed Terence
   993 | D:2      | XOM: noise
  1148 | D:2      | Reached XP level 5. HP: 29/29 MP: 6/6
  1537 | D:3      | XOM: summons 3 hostile demons
  1588 | D:3      | XOM: 1-stop teleportation journey
  1814 | D:3      | Found a basalt altar of Yredelemnul.
  1829 | D:3      | Reached XP level 6. HP: 34/34 MP: 7/7
  2240 | D:4      | Found an ancient bone altar of Kikubaaqudgha.
  2251 | D:4      | Found a transporter.
  2254 | D:4      | Noticed Ashen's ghost (amateur DrSh)
  2399 | D:4      | XOM: summons 4 hostile demons
  2539 | D:4      | Found a shimmering altar of Xom.
  2550 | D:4      | Reached skill level 5 in Short Blades
  2567 | D:4      | Reached skill level 5 in Fighting
  2581 | D:4      | Reached XP level 7. HP: 36/39 MP: 8/8
  2759 | D:4      | Found a transporter.
  2772 | D:4      | XOM: confusion
  2793 | D:4      | Noticed Pikel
  2794 | D:4      | XOM: 3-stop teleportation journey
  2856 | D:4      | Killed Pikel
  2857 | D:4      | Gained mutation: You have razor-sharp teeth. [Vine Stalker
                  | growth]
  2857 | D:4      | Reached XP level 8. HP: 43/44 MP: 9/9
  2901 | D:4      | Found a radiant altar of Vehumet.
  2941 | D:5      | Entered Level 5 of the Dungeon
  3191 | D:5      | XOM: enchant monster (good)
  3268 | D:5      | XOM: give mutations
  3268 | D:5      | Gained mutation: You have hidden genetic potential. [Xom's
                  | mischief]
  3268 | D:5      | Gained mutation: Your system is resistant to poisons.
                  | (rPois) [Xom's mischief]
  3314 | D:5      | XOM: polymorph gnoll -> giant cockroach
  3502 | D:5      | XOM: blink monster(s)
  3574 | D:5      | Found a runed translucent door.
  3575 | D:5      | Noticed Crazy Yiuf
  3598 | D:5      | Crazy Yiuf changed into Crazy Yiuf the salamander
  3598 | D:5      | Noticed Crazy Yiuf
  3598 | D:5      | XOM: polymorph Crazy Yiuf -> Crazy Yiuf the salamander
  3635 | D:5      | XOM: fog
  3637 | D:5      | HP: 1/46 [Crazy Yiuf the salamander/+4 quarterstaff of
                  | chaos (3)]
  3642 | D:5      | Slain by Crazy Yiuf the salamander

Illustrated notes

Levels and vault maps discovered:
D:1:      wander_arrival_estate, layout_basic
D:2:      layout_loops_cross, uniq_terence, uniq_robin
D:3:      layout_basic, mainiacjoe_overflow_catwalk
D:4:      layout_gridville, nicolae_vehumet_altar_sigil,
          mainiacjoe_overflow_catch_the_wave, gammafunk_ghost_stat_death,
          uniq_pikel
D:5:      layout_rooms, kennysheep_cross_room, uniq_crazy_yiuf_cottage

Skill      XL: |  1  2  3  4  5  6  7  8 |
---------------+-------------------------+-----
Fighting       | 3 4 5 6 7 |  7.4
Short Blades   | 3 4 5 6 7 |  7.4
Stealth        | 1 2 |  2.2
Armour         | |  1.5
Dodging        | |  0.7

Action                     |  1- 3 |  4- 6 |  7- 9 || total
---------------------------+-------+-------+-------++-------
  Melee: Short sword       |    60 |    20 |       ||    80
         Bite              |    22 |   105 |    72 ||   199
         Dagger            |    35 |   311 |   193 ||   539
         Punch             |       |     3 |     3 ||     6
    Use: Scroll            |       |       |     2 ||     2
   Stab: Sleeping          |     3 |     4 |     1 ||     8
         Paralysed         |     1 |       |       ||     1
         Petrified         |       |       |     1 ||     1
 Armour: Leather armour    |    71 |   170 |    71 ||   312
  Dodge: Dodged            |    58 |   152 |    57 ||   267
